 Dungeon Crawl Stone Soup version 0.21.1-1-g345015f (webtiles) character file.

56 Larett the Sneak (level 3, 0/24 HPs)
             Began as an Octopode Assassin on Apr 7, 2018.
             Slain by a gnoll
             ... wielding a +0 spear
              (6 damage)
             ... on level 2 of the Dungeon.
             The game lasted 00:02:27 (1330 turns).

Larett the Sneak (Octopode Assassin)                Turns: 1330, Time: 00:02:28

Health: 0/24       AC:  1    Str: 10    XL:     3   Next: 97%
Magic:  3/3        EV:  8    Int: 13    God:
Gold:   64         SH: 11    Dex: 14    Spells: 2/2 levels left

rFire    . . .     SeeInvis .   a - +2 dagger
rCold    . . .     Gourm    .   r - +0 large shield
rNeg     . . .     Faith    .   (helmet restricted)
rPois    .         Spirit   .   (no amulet)
rElec    .         Reflect  .   (no ring)
rCorr    .         Harm     .   (no ring)
MR       .....                  (no ring)
Stlth    ++++......             (no ring)
HPRegen  0.08/turn              (no ring)
MPRegen  0.08/turn              (no ring)
                                (no ring)
                                (no ring)

@: no status effects
A: almost no armour, stealthy swim, amphibious, 8 rings, constrict 8, camouflage
1, gelatinous body 1
a: no special abilities


You were on level 2 of the Dungeon.
You were not hungry.

You visited 1 branch of the dungeon, and saw 2 of its levels.

You collected 64 gold pieces.

Inventory:

Hand Weapons
 a - a +2 dagger (weapon)
 q - a +0 blowgun
 D - a +0 short sword of freezing
 H - a +1 hunting sling of flaming
Missiles
 c - 8 poisoned needles
 d - 2 curare-tipped needles
 s - 35 stones (quivered)
 x - 23 bolts
 F - 22 arrows
 G - 17 sling bullets
Armour
 r - a +0 large shield (worn)
Jewellery
 y - a cursed ring of teleportation {unknown}
Scrolls
 t - a scroll of magic mapping {unknown}
 u - 2 scrolls of identify {unknown}
 w - a scroll of amnesia {unknown}
 C - 2 scrolls of remove curse {unknown}
 E - a scroll of immolation {unknown}
Potions
 z - a potion of flight {unknown}
 A - a potion of brilliance {unknown}
 B - a potion of degeneration {unknown}
Comestibles
 f - 8 rations


   Skills:
 - Level 2.0 Fighting
 - Level 2.0 Short Blades
 - Level 2.0 Throwing
 - Level 1.0 Dodging
 + Level 6.5 Stealth
 + Level 2.3 Shields


You had 2 spell levels left.
You didn't know any spells.

Dungeon Overview and Level Annotations

Branches:
Dungeon (2/15)

Altars:
Makhleb


Innate Abilities, Weirdness & Mutations

You cannot wear most types of armour.
You are very stealthy in the water. (Stealth+)
You are amphibious.
You can wear up to eight rings at the same time.
You can use your tentacles to constrict eight enemies at once.
Your skin changes colour to match your surroundings (Stealth+).
Your rubbery body absorbs attacks. (AC +1, EV +1)


Message History

2 gnolls come into view.
The gnoll hits you!
Things that are here:
a halberd; a gnoll corpse You are too injured to fight recklessly!
You are too injured to fight recklessly!
You are too injured to fight recklessly!
Unknown command.
The gnoll shouts!
You hit the gnoll. You grab the gnoll.
The gnoll is lightly wounded.
You constrict the gnoll. The gnoll hits you.
* * * LOW HITPOINT WARNING * * *
You block the gnoll's attack.
You hit the gnoll.
The gnoll is moderately wounded.
You constrict the gnoll, but do no damage.
You block the gnoll's attack.
The gnoll hits you from afar with a spear.
You die...

#<......#
#+##.......#
..._.......#
...........########
..................#
...#####.#...####.#
... ...#........#
### #####.(.)....#
#......@.#
#...####g# #...# g#
#$..# g# ##### .#
.# .# .#


You could see 3 gnolls.

Vanquished Creatures
  A gnoll (D:2)
  2 adders (D:2)
  A worm (D:2)
  2 dart slugs (D:2)
  A leopard gecko (D:1)
  2 goblins (D:1)
  3 hobgoblins
  4 kobolds
  A quokka (D:2)
  A bat (D:2)
  2 frilled lizards (D:2)
  3 rats
23 creatures vanquished.

Notes
Turn   | Place    | Note
-------+----------+-------------------------------------------
     0 | D:1      | Larett the Octopode Assassin began the quest for the Orb.
     0 | D:1      | Reached XP level 1. HP: 14/14 MP: 1/1
   220 | D:1      | Reached skill level 1 in Shields
   220 | D:1      | Reached XP level 2. HP: 18/19 MP: 2/2
   802 | D:2      | Reached skill level 6 in Stealth
   802 | D:2      | Reached XP level 3. HP: 19/24 MP: 3/3
  1296 | D:2      | Found a burning altar of Makhleb.
  1330 | D:2      | Slain by a gnoll

Skill      XL: |  1  2  3 |
---------------+----------+-----
Shields        | 1 2 |  2.3
Stealth        | 6 |  6.5
Fighting       | |  2.0
Short Blades   | |  2.0
Throwing       | |  2.0
Dodging        | |  1.0

Action                   || total
-------------------------++-------
Melee: Dagger            ||    44
       Constrict         ||    10
       Tentacles         ||     2
 Stab: Sleeping          ||     8
  Eat: Chunk             ||     1
Armor: Skin              ||     1
Dodge: Dodged            ||     8
Block: Large shield      ||    16
